 Dungeon Crawl Stone Soup version 0.18.1-47-g9310371 (webtiles) character file.

27654 Gargoylian the Protected (level 13, -15/101 HPs)
             Began as a Demonspawn Abyssal Knight on June 21, 2016.
             Was the Champion of Lugonu.
             Demolished by kak's ghost (27 damage)
             ... on level 5 of the Lair of Beasts.
             The game lasted 00:32:00 (16162 turns).

Gargoylian the Protected (DsAK)                    Turns: 16162, Time: 00:32:01

Health: -15/101    AC: 25    Str: 22 (23) XL:     13   Next: 5%
Magic:  0/19       EV: 14    Int: 13 (15) God:    Lugonu [******]
Gold:   327        SH: 18    Dex: 16 (17) Spells: 0 memorised, 12 levels left

rFire  + + .     SeeInvis .     k - +7 war axe of Ipnimico {freeze, -Tele rN++ Str+4}
rCold  . . .     Gourm    .     n - +0 chain mail
rNeg   + + .     Faith    +     G - +1 large shield {rF+}
rPois  +         Spirit   .     f - +0 helmet
rElec  .         Dismiss  .     o - +1 cloak
rCorr  .         Reflect  .     (gloves unavailable)
SustAt .         Harm     .     (no boots)
MR     .....     NoTele   +     I - amulet of faith
Stlth  ..........               (no ring)
                                O - +1 ring of protection

@: agile, not resistant to hostile enchantments, extremely unstealthy
A: claws 3, iridescent scales 3, fire resistance 1, poison resistance, powered
by pain 1, spiny 2, strong 1
a: Depart the Abyss, Bend Space, Banish, Corrupt, Enter the Abyss, Brand Weapon
With Distortion, Renounce Religion


You were on level 5 of the Lair of Beasts.
You worshipped Lugonu.
Lugonu was exalted by your worship.
You were not hungry.

You visited 2 branches of the dungeon, and saw 16 of its levels.
You visited the Abyss 1 time.

You collected 905 gold pieces.
You spent 578 gold pieces at shops.

Inventory:

Hand Weapons
 k - the +7 war axe of Ipnimico (weapon) {freeze, -Tele rN++ Str+4}
   (You found it on level 7 of the Dungeon)

   It has been specially enchanted to freeze those struck by it, causing extra
   injury to most foes and up to half again as much damage against particularly
   susceptible opponents.
   It can also slow down cold-blooded creatures.
   It affects your strength (+4).
   It greatly protects you from negative energy.
   It prevents most forms of teleportation.
 J - a +2 war axe
 Q - the +10 halberd of Salt {chop, rF- MR+ SInv, unknown}
   (You found it on level 10 of the Dungeon)

   It inflicts extra damage upon your enemies.
   It makes you vulnerable to fire.
   It affects your resistance to hostile enchantments.
   It lets you see invisible.
 S - a +0 hand axe of electrocution
 U - the +11 whip "Earthworm" {venom, *Noise rElec rPois MP+9, unknown}
   (You found it on level 10 of the Dungeon)

   It poisons the flesh of those it strikes.
   It insulates you from electricity.
   It protects you from poison.
   It affects your magic capacity (+9).
   It may make noises in combat.
Missiles
 m - 8 tomahawks of returning (quivered)
Armour
 f - a +0 helmet (worn)
 n - a +0 chain mail (worn)
 o - a +1 cloak (worn)
 p - a +1 pair of gloves
 G - a +1 large shield of fire resistance (worn)
Jewellery
 I - an amulet of faith (around neck)
 O - a +1 ring of protection (left claw)
 P - an uncursed amulet of dismissal {unknown}
 V - an uncursed ring of flight {unknown}
Wands
 a - a wand of confusion (25/48)
 u - a wand of lightning (8/15)
 M - a wand of paralysis (7/24)
Scrolls
 i - 4 scrolls of enchant weapon
 q - 6 scrolls of remove curse
 A - 2 scrolls of teleportation
 B - a scroll of magic mapping
 L - a scroll of blinking
Potions
 b - 2 potions of heal wounds
 e - a potion of invisibility
 j - 2 potions of agility
 t - a potion of cancellation
 x - 2 potions of curing
 C - 2 potions of lignification
Books
 d - a book of Unlife

   Spells                             Type                      Level
   a - Recall                         Summoning/Translocation      3
   b - Animate Dead                   Necromancy                   4
   c - Control Undead                 Necromancy                   4
   d - Cigotuvi's Embrace             Necromancy                   5
   e - Death Channel                  Necromancy                   6
   f - Simulacrum                     Ice/Necromancy               6
Miscellaneous
 T - a box of beasts
Comestibles
 c - 9 bread rations
 F - 2 beef jerkies
 R - 4 meat rations


   Skills:
 + Level 9.1 Fighting
 + Level 9.1 Axes
 * Level 11.5 Armour
 + Level 6.6 Dodging
 + Level 1.3 Stealth
 + Level 8.6 Shields
 + Level 8.6 Invocations


You had 12 spell levels left.
You didn't know any spells.

Dungeon Overview and Level Annotations

Branches:
Dungeon (11/15)            Temple (0/1) D:7            Lair (5/8) D:9
 Spider (0/4) Lair:4
  Swamp: Lair:3-6    Shoals: Lair:3-6       Orc: D:9-12

Altars:
Ashenzari
Cheibriados
Dithmenos
Elyvilon
Fedhas
Gozag
Kikubaaqudgha
Okawaru
Ru
Trog
Xom
Zin
The Shining One

Shops:
D:4 %   D:5 ?   D:8 [   D:9 (

Annotations:
Lair:5 kak's ghost, journeyman MiBe


Innate Abilities, Weirdness & Mutations

You have claws for hands.
You are completely covered in iridescent scales (AC +8).
You sometimes gain a little power by taking damage.
You are mostly covered in sharp spines.
Your flesh is heat resistant.
Your system is resistant to poisons.
Your muscles are strong. (Str +2)


Message History

You hit kak's ghost but do no damage.
Kak's ghost is severely damaged.
Kak's ghost hits you!!
You miss kak's ghost.
Kak's ghost is severely damaged.
You block kak's ghost's attack.
You slash kak's ghost!
Kak's ghost is severely damaged.
You block kak's ghost's attack.
You hit kak's ghost but do no damage.
Kak's ghost is severely damaged.
You block kak's ghost's attack.
You hit kak's ghost.
Kak's ghost is severely damaged.
Kak's ghost hits you!!
* * * LOW HITPOINT WARNING * * *
You focus on the pain.
You feel your power returning.
You feel your power leaking away. Kak's ghost hits you!!
You die...

.......... ..........
.........##
.............#
#............
#.....#....P## . #P..
#.#......W†..# .#P...
#....####@.# ..PP..
#.....#.#.#P.#######.....
###.........#.....P.....
##P...#.PP...............
#P....#PP##.#...##....P..
##..#.#### ## .##....#...
#..### ##...#...) ##..#
#....#..†† ##..##
##...##.#†


You could see kak's ghost.

Vanquished Creatures
  3 centaur warriors
  A tengu warrior (D:10)
  Urug (Lair:3)
  Nergalle (Lair:3)
  A skeletal warrior (D:7)
  2 hill giants (D:10)
  A wolf spider (Lair:4)
  A black mamba (Lair:1)
  A spiny frog (shapeshifter) (D:10)
  2 komodo dragons
  6 spiny frogs
  A troll (D:10)
  A polar bear (Lair:3)
  2 two-headed ogres (D:10)
  A boulder beetle (Lair:4)
  8 blink frogs (Lair:4)
  A basilisk (Lair:3)
  A wyvern (D:10)
  2 wraiths (D:10)
  26 yaks
  12 hippogriffs
  Grum (D:9)
  8 water moccasins
  4 porcupines
  3 orc warriors
  An ice beast (D:5)
  2 sky beasts
  4 phantoms
  A black bear (D:7)
  A wasp (D:9)
  4 ogres
  12 wolves
  6 necrophages (Lair:3)
  4 centaurs
  7 crocodiles
  13 giant frogs
  2 scorpions (D:4)
  15 killer bees (D:9)
  11 wights
  A howler monkey (D:6)
  An electric eel (Lair:4)
  4 crimson imps
  3 hounds
  An iron imp (Abyss:1)
  A quasit (D:10)
  6 orc priests
  A jelly (D:10)
  A giant frog skeleton (D:5)
  Ijyb (D:3)
  Jessica (D:3)
  A gnoll shaman (D:5)
  10 iguanas
  5 orc wizards
  8 worker ants
  7 sheep (Lair:3)
  A howler monkey skeleton (D:4)
  A worker ant zombie (D:9)
  Robin (D:2)
  13 gnolls
  10 adders
  32 river rats
  4 shadow imps
  2 oozes
  2 adder skeletons
  5 worms
  A dart slug (D:1)
  7 giant geckos
  31 orcs
  8 bats
  5 giant cockroaches
  15 goblins
  15 hobgoblins
  4 jackals (D:4)
  2 quokkas
  2 ball pythons
  8 giant newts
  4 kobolds
  6 rats
  3 fungi
  2 plants
410 creatures vanquished.

Vanquished Creatures (others)
  2 hydras
  3 skeletal warriors
  A fungus (Lair:3)
  2 plants
8 creatures vanquished.

Grand Total: 418 creatures vanquished

Notes
Turn   | Place    | Note
--------------------------------------------------------------
     0 | Abyss:1  | Gargoylian the Demonspawn Abyssal Knight began the quest for the Orb.
     0 | Abyss:1  | Reached XP level 1. HP: 18/18 MP: 2/2
    98 | Abyss:1  | Noticed an iron imp
   111 | Abyss:1  | Killed an iron imp
   111 | Abyss:1  | Reached skill level 2 in Armour
   111 | Abyss:1  | Reached skill level 1 in Dodging
   111 | Abyss:1  | Gained mutation: You have sharp fingernails. [demonic ancestry]
   111 | Abyss:1  | Reached XP level 2. HP: 13/24 MP: 3/3
   111 | Abyss:1  | Gained mutation: You are partially covered in sharp spines. [demonic ancestry]
   111 | Abyss:1  | Reached XP level 3. HP: 15/29 MP: 4/4
   135 | Abyss:1  | Noticed an ancient zyme
   138 | D:1      | Escaped the Abyss
   144 | D:1      | Reached * piety under Lugonu
  1017 | D:2      | Reached XP level 4. HP: 37/37 MP: 6/6
  1140 | D:2      | Noticed Robin
  1143 | D:2      | Reached ** piety under Lugonu
  1151 | D:2      | Killed Robin
  1450 | D:2      | Found a shimmering altar of Xom.
  1451 | D:2      | Found a shattered altar of Ashenzari.
  1554 | D:3      | Noticed Jessica
  1561 | D:3      | Killed Jessica
  1561 | D:3      | Gained mutation: You are partially covered in iridescent scales (AC +4). [demonic ancestry]
  1561 | D:3      | Reached XP level 5. HP: 43/43 MP: 7/7
  1755 | D:3      | Noticed Ijyb
  1765 | D:3      | Killed Ijyb
  1765 | D:3      | Reached skill level 3 in Armour
  1769 | D:3      | Found an iron altar of Okawaru.
  1968 | D:3      | Reached *** piety under Lugonu
  2386 | D:4      | Gained mutation: You have very sharp fingernails. [demonic ancestry]
  2386 | D:4      | Reached XP level 6. HP: 27/49 MP: 8/8
  2682 | D:4      | Reached skill level 4 in Armour
  3207 | D:4      | Found Tunek's Food Shop.
  3348 | D:4      | Reached skill level 5 in Fighting
  3348 | D:4      | Gained mutation: You are mostly covered in iridescent scales (AC +6). [demonic ancestry]
  3348 | D:4      | Reached XP level 7. HP: 52/56 MP: 9/9
  3611 | D:5      | Entered Level 5 of the Dungeon
  3657 | D:5      | Reached skill level 5 in Armour
  3994 | D:5      | Reached **** piety under Lugonu
  4306 | D:5      | Found Qitwel's Magic Scroll Shoppe.
  4314 | D:5      | Bought a scroll of blinking for 82 gold pieces
  4314 | D:5      | Bought a scroll of teleportation for 33 gold pieces
  4314 | D:5      | Bought a scroll of enchant weapon for 82 gold pieces
  4351 | D:5      | Found a white marble altar of Elyvilon.
  4580 | D:5      | Reached XP level 8. HP: 61/63 MP: 10/10
  4718 | D:5      | Gained mutation: Your mind is acute. (Int +2) [mutagenic meat]
  4719 | D:5      | Gained mutation: Your system is resistant to poisons. [mutagenic meat]
  4720 | D:5      | Gained mutation: Your flesh is heat resistant. [mutagenic meat]
  4721 | D:5      | Gained mutation: You are robust (+10% HP). [mutagenic meat]
  4722 | D:5      | Gained mutation: Your muscles are strong. (Str +2) [mutagenic meat]
  4723 | D:5      | Gained mutation: You tend to lose your temper in combat. [mutagenic meat]
  4820 | D:6      | Found a bloodstained altar of Trog.
  4906 | D:6      | Found a shadowy altar of Dithmenos.
  4985 | D:6      | Reached skill level 6 in Armour
  5102 | D:6      | Found a glowing silver altar of Zin.
  5471 | D:6      | You fall through a shaft for 3 floors!
  5570 | D:9      | Found an opulent altar of Gozag.
  5692 | D:7      | Found a glowing golden altar of the Shining One.
  5715 | D:7      | Reached skill level 1 in Stealth
  5935 | D:7      | Reached skill level 7 in Armour
  6110 | D:7      | Gained mutation: You are mostly covered in sharp spines. [demonic ancestry]
  6110 | D:7      | Reached XP level 9. HP: 66/75 MP: 11/11
  6110 | D:7      | Reached skill level 5 in Axes
  6111 | D:7      | Reached ***** piety under Lugonu
  6133 | D:7      | Found a staircase to the Ecumenical Temple.
  6231 | D:7      | Noticed a skeletal warrior
  6232 | D:7      | Noticed a skeletal warrior
  6713 | D:7      | Got a brightly glowing war axe
  6714 | D:7      | Identified the +7 war axe of Ipnimico {freeze, -Tele rN++ Str+4} (You found it on level 7 of the Dungeon)
  6779 | D:7      | Noticed a skeletal warrior
  6779 | D:7      | Noticed a skeletal warrior
  6793 | D:7      | Banished a skeletal warrior
  6793 | D:7      | Reached skill level 8 in Armour
  7228 | D:6      | Banished a skeletal warrior
  7228 | D:6      | Reached skill level 5 in Invocations
  7396 | D:7      | Killed a skeletal warrior
  7689 | D:7      | Banished a skeletal warrior
  7689 | D:7      | Gained mutation: You are completely covered in iridescent scales (AC +8). [demonic ancestry]
  7689 | D:7      | Reached XP level 10. HP: 30/84 MP: 9/15
  7972 | D:8      | Found Guby's Antique Armour Emporium.
  7980 | D:8      | Bought a shiny large shield for 130 gold pieces
  7992 | D:8      | Bought a cloak for 130 gold pieces
  8106 | D:8      | Reached skill level 9 in Armour
  8202 | D:8      | Found a blossoming altar of Fedhas.
  8286 | D:5      | Bought a scroll of remove curse for 33 gold pieces
  8440 | D:8      | Gained mutation: You are resistant to hostile enchantments. [mutagenic meat]
  8488 | D:8      | Found an ancient bone altar of Kikubaaqudgha.
  8490 | D:8      | Found a blossoming altar of Fedhas.
  8701 | D:9      | Found a sacrificial altar of Ru.
  8735 | D:9      | Found Lidappue's Weapon Shoppe.
  8757 | D:9      | Bought 8 tomahawks of returning for 88 gold pieces
  8795 | D:9      | Found a staircase to the Lair.
  8831 | D:9      | Reached skill level 1 in Shields
  9010 | D:9      | Noticed Grum
  9020 | D:9      | Killed Grum
  9143 | D:9      | Found a snail-covered altar of Cheibriados.
  9301 | D:10     | Entered Level 10 of the Dungeon
  9433 | D:10     | Noticed a tengu warrior
  9436 | D:10     | Noticed a centaur warrior
  9438 | D:10     | Noticed a centaur warrior
  9439 | D:10     | Noticed a six-headed hydra
  9442 | D:10     | Noticed a centaur warrior
  9450 | D:10     | Killed a centaur warrior
  9450 | D:10     | Reached skill level 5 in Dodging
  9459 | D:10     | Killed a centaur warrior
  9459 | D:10     | Gained mutation: You have claws for hands. [demonic ancestry]
  9459 | D:10     | Reached XP level 11. HP: 61/92 MP: 3/17
  9516 | D:11     | Killed a centaur warrior
  9743 | D:11     | Banished a six-headed hydra
  9743 | D:11     | Reached skill level 10 in Armour
  9767 | D:10     | Killed a tengu warrior
  9767 | D:10     | Reached skill level 5 in Shields
  9855 | D:10     | Noticed a hill giant
  9863 | D:10     | Killed a hill giant
 10136 | D:10     | Noticed a hill giant
 10141 | D:10     | Killed a hill giant
 10182 | D:10     | Gained mutation: You have supernaturally acute eyesight. [mutagenic meat]
 10418 | D:10     | Got a brightly glowing halberd
 10530 | D:10     | Got an ichor-stained whip
 10913 | Lair:1   | Entered Level 1 of the Lair of Beasts
 11691 | Lair:1   | Reached XP level 12. HP: 89/101 MP: 18/18
 12785 | Lair:2   | Reached ****** piety under Lugonu
 13189 | Lair:3   | Noticed a seven-headed hydra
 13196 | Lair:3   | Banished an eight-headed hydra
 13352 | Lair:3   | Noticed Nergalle
 13362 | Lair:3   | Killed Nergalle
 13362 | Lair:3   | Reached skill level 11 in Armour
 13767 | Lair:3   | Noticed Urug
 13777 | Lair:3   | Killed Urug
 14663 | Lair:4   | Lost mutation: You are robust (+10% HP). [potion of cure mutation]
 14663 | Lair:4   | Lost mutation: You tend to lose your temper in combat. [potion of cure mutation]
 14663 | Lair:4   | Lost mutation: Your mind is acute. (Int +2) [potion of cure mutation]
 14663 | Lair:4   | Lost mutation: You have supernaturally acute eyesight. [potion of cure mutation]
 14663 | Lair:4   | Lost mutation: You are resistant to hostile enchantments. [potion of cure mutation]
 14851 | Lair:4   | Found a hole to the Spider Nest.
 15906 | Lair:5   | Gained mutation: You sometimes gain a little power by taking damage. [demonic ancestry]
 15906 | Lair:5   | Reached XP level 13. HP: 94/101 MP: 19/19
 16124 | Lair:5   | Noticed kak's ghost (journeyman MiBe)
 16162 | Lair:5   | Demolished by kak's ghost

Skill      XL: |  1  2  3  4  5  6  7  8  9 10 11 12 |
---------------+-------------------------------------+-----
Axes           | 2 3 4 5 6 7 9 |  9.1
Armour         | 2 3 4 5 7 8 9 10 11 | 11.5
Dodging        | 1 2 4 5 6 |  6.6
Fighting       | 4 5 6 7 8 9 |  9.1
Invocations    | 3 6 8 |  8.6
Stealth        | 1 |  1.3
Shields        | 4 6 8 |  8.6

Action                   |  1- 3 |  4- 6 |  7- 9 | 10-12 | 13-15 || total
-------------------------+-------+-------+-------+-------+-------++-------
Melee: Hand axe          |    37 |    76 |   169 |       |       ||   282
       War axe           |       |    72 |    46 |   542 |    60 ||   720
Invok: Depart the Abyss  |     1 |       |       |       |       ||     1
       Banish            |       |       |    11 |     5 |       ||    16
  Use: Scroll            |     7 |     1 |     6 |     9 |       ||    23
       Potion            |       |       |       |    13 |     2 ||    15
  Eat: Fruit             |       |     6 |     6 |    15 |       ||    27
       Chunk             |       |     3 |    10 |    15 |       ||    28
       Meat ration       |       |       |     1 |       |       ||     1
       Bread ration      |       |       |     1 |       |       ||     1
       Beef jerky        |       |       |       |     7 |       ||     7
Armor: Scale mail        |     8 |       |       |       |       ||     8
       Chain mail        |     6 |   107 |   194 |   352 |    10 ||   669
Dodge: Dodged            |    15 |    43 |   115 |   138 |    13 ||   324
Block: Large shield      |       |       |       |   615 |    53 ||   668
